[Event "Live Chess"]
[Site "Chess.com"]
[Date "2023.05.20"]
[Round "-"]
[White "Albul"]
[Black "BillythekidFellowes"]
[Result "0-1"]
[WhiteElo "2151"]
[BlackElo "2038"]
[TimeControl "300"]
[EndTime "11:59:59 PDT"]
[Termination "BillythekidFellowes won by resignation"]

1. e4 Nc6 2. Bc4 e6 3. d3 d5 4. exd5 exd5 5. Qe2+ Be6 6. Bb5 Ne7 7. Nf3 Nc8 8. Nd4 Qd6 9. O-O Be7 10. Bf4 Qxf4 11. Nxc6 O-O 12. Nxe7+ Nxe7 13. Nd2 c6 14. Ba4 Qxa4 0-1

[Event "Live Chess"]
[Site "Chess.com"]
[Date "2023.05.20"]
[Round "-"]
[White "MJMykh"]
[Black "CeladonFish"]
[Result "1-0"]
[WhiteElo "1075"]
[BlackElo "1063"]
[TimeControl "300"]
[EndTime "12:00:19 PDT"]
[Termination "MJMykh won by checkmate"]

1. e4 d6 2. Nf3 Nf6 3. Nc3 g6 4.
Bc4 Bg7 5. Ng5 e6 6. Nf3 c6 7.
O-O d5 8. exd5 cxd5 9. Bb5+ Nc6 10. Bxc6+ bxc6 11. d3 O-O 12. Bg5 Re8 13. Ne5 Qd6 14. Bxf6 Bxf6 15. Ng4 Bxc3 16. bxc3 e5 17. Nh6+ Kg7 18.
Ng4 Qd7 19. h3 h5 20. Nxe5 Qe6 21. d4 c5 22. Qd3 Qf5 23. Qxf5 gxf5 24. Nf3 Ba6 25. Rfe1 cxd4 26. Rxe8 Rxe8 27. Nxd4 Bc4 28. Nxf5+ Kf6 29. Nd4 Re7 30. Nc6 Rc7 31. Nd4 Ke5 32. Nf3+ Ke4 33. Re1+ Kf4 34. a3 a5 35. Nd4 a4 36.
g3+ Kg5 37. h4+ Kg4 38. Kg2 f5 39. f3# 1-0

[Event "Live Chess"]
[Site "Chess.com"]
[Date "2023.05.20"]
[Round "-"]
[White "Olisingapore"]
[Black "Conradical12"]
[Result "0-1"]
[WhiteElo "1904"]
[BlackElo "1541"]
[TimeControl "300"]
[EndTime "12:00:21 PDT"]
[Termination "Conradical12 won on time"]

1. d4 d5 2. c4 Nf6 3. cxd5 Nxd5 4.
Nf3 Bg4 5. e4 Bxf3 6. Qxf3 Nb4 7. Bc4 Qxd4 8. Qxf7+ Kd8 9. O-O Nc2 10. Nc3 Nxa1 11. Rd1 Qxd1+ 12. Nxd1 Nd7 13. Be6 Nc2 14. Bh3 Nd4 15. Qd5 e6 16. Qxd4 Bd6 17. e5 Nxe5 18. Bg5+ Kd7 19. Qa4+ c6 20. Qb3 Rae8 21. Qxb7+ Bc7 22.
Bf4 Rb8 23. Qxa7 Rhd8 24. Qd4+ Ke8 25. Qa4 Rb4 26. Qc2 Rxf4 27. Bxe6 Re4 28. Ne3 Red4 29. g3 Nf3+ 30. Kf1 R8d6 31. Qf5 Ng5 32. Qxg5 Rxe6 33. Qh5+ Kf8 34. Qf5+ Rf6 35. Qc8+ Kf7 36. Qxc7+ Kg6 37. Qxc6 Rxc6 38. b3 Rd2 39. Nc4 Rxa2 40. Ne5+ Kf5 41.
Nxc6 Rb2 42. Nd4+ Ke4 43. Ne2 Kd3 44. Nc1+ Kc3 45. Ne2+ Kxb3 46. Nd4+ Kc4 47. Nc6 Kc5 48. Na5 Kd5 49. Kg2 h5 50. h4 Ke5 51. Kh3 Kf5 52. Nc4 Rxf2 53. Ne3+ Ke4 54. Nc4 Kf3 55.
Ne5+ Ke2 56. Nc4 Kf1 0-1

[Event "Live Chess"]
[Site "Chess.com"]
[Date "2023.05.20"]
[Round "-"]
[White "AdamOwls"]
[Black "LiamBellwood"]
[Result "1-0"]
[WhiteElo "1930"]
[BlackElo "2072"]
[TimeControl "300"]
[EndTime "12:00:24 PDT"]
[Termination "AdamOwls won by resignation"]

1. e4 e6 2. d4 d5 3. e5 c5 4. c3 Nc6 5. Nf3 Bd7 6. Bd3 Rc8 7. O-O cxd4 8. Re1 Nge7 9. cxd4 Nb4 10. Bf1 Nc2 11. Nc3 Nxa1 12. Bg5 Nc2 13. Qxc2 h6 14. Bh4 g5 15. Bg3 Nf5 16. Qb3 Qb6 17. Qxb6 axb6 18. h3 Bb4 19. Rc1 Nxg3 20. fxg3 Ke7 21. Bd3 Rc7 22. Nxd5+ exd5 23. Rxc7 Rc8 24. Rxb7 Rc1+ 25. Kh2 Rd1 26. Bf5 1-0

[Event "Live Chess"]
[Site "Chess.com"]
[Date "2023.05.20"]
[Round "-"]
[White "alanmike75"]
[Black "Brooms1989"]
[Result "1-0"]
[WhiteElo "1510"]
[BlackElo "1005"]
[TimeControl "300"]
[EndTime "12:00:47 PDT"]
[Termination "alanmike75 won by checkmate"]

1. e4 e5 2. Nf3 Nc6 3. d4 exd4 4.
Bc4 Nf6 5. O-O Bc5 6. c3 O-O 7. cxd4 Nxd4 8. Nxd4 Bxd4 9. Qxd4 d6 10. Bg5 Bd7 11.
Bxf6 Qxf6 12. Qxf6 gxf6 13. Nc3 Kh8 14. Nd5 b5 15.
Nxf6 Bc6 16. Bd5 Bxd5 17. exd5 Kg7 18. Ng4 Rg8 19. Ne3 h5 20. Rac1 Rac8 21. Rc6 Kh7 22. Rfc1 Rg6 23. Rxc7 Rcg8 24. g3 h4 25. Rxf7+ Kh6 26.
Rf4 hxg3 27. fxg3 Kh7 28. Rc7+ Kh6 29. Nf5+ Kh5 30. Nxd6 Rxg3+ 31. hxg3 Rxg3+ 32. Kf2 Rh3 33. Rh7+ Kg5 34. Rxh3 Kxf4 35. Rf3+ Ke5 36. Nxb5 Kxd5 37. Nxa7 Kc5 38. Rb3 Kd6 39. Rc3 Kd5 40. a4 Kd4 41. a5 Kd5 42. Nb5 Ke6 43. a6 Ke5 44. a7 Ke4 45.
a8=Q+ Ke5 46. Qd8 Ke4 47. Re3+ Kf5 48. Qf8+ Kg6 49. Rg3+ Kh7 50. Qf7+ Kh6 51. Qg6# 1-0

[Event "Live Chess"]
[Site "Chess.com"]
[Date "2023.05.20"]
[Round "-"]
[White "MaximKris"]
[Black "tpm07"]
[Result "1-0"]
[WhiteElo "1891"]
[BlackElo "1946"]
[TimeControl "300"]
[EndTime "12:00:56 PDT"]
[Termination "MaximKris won by resignation"]

1. e4 c5 2. Nf3 Nc6 3. Bb5 g6 4.
O-O Bg7 5. c3 Nf6 6. d4 Nxe4 7.
d5 Nb8 8. Re1 Nd6 9. c4 Nxb5 10.
cxb5 O-O 11. Bg5 d6 12. Bxe7 Qe8 13. Bxf8 Qxf8 14. Qe2 Bd7 15. Qe7 Bxb5 16. Qxb7 Bxb2 17. Qxa8 Bxa1 18. Na3 Ba4 19. Rxa1 1-0

[Event "Live Chess"]
[Site "Chess.com"]
[Date "2023.05.20"]
[Round "-"]
[White "ACx04"]
[Black "1600x"]
[Result "0-1"]
[WhiteElo "430"]
[BlackElo "1680"]
[TimeControl "300"]
[EndTime "12:01:02 PDT"]
[Termination "1600x won by checkmate"]

1. e4 e5 2. Bc4 Nf6 3. Nf3 Nxe4 4.
Qe2 d5 5. Bb3 f6 6. O-O Nc6 7.
d3 Nc5 8. c4 Be6 9. cxd5 Bxd5 10. Bxd5 Qxd5 11. Be3 Qxd3 12. Qxd3 Nxd3 13. Nbd2 Ncb4 14.
Ne4 Nxb2 15. Rab1 N4d3 16. Rfd1 Nxd1 17. Rxd1 Nb4 18. Bc5 Kf7 19. Bxb4 Bxb4 20. Rd7+ Ke8 21. Rxc7 f5 22. Rxb7 fxe4 23. Rxb4 exf3 24. gxf3 Ke7 25. Rb7+ Kf6 26. h3 Rhb8 27. Rxb8 Rxb8 28. a4 Kf5 29.
Kg2 Kf4 30. h4 Rb1 31. Kh3 Kxf3 32. Kh2 h5 33. a5 a6 34. Kh3 Rh1# 0-1

[Event "Live Chess"]
[Site "Chess.com"]
[Date "2023.05.20"]
[Round "-"]
[White "Tushinskiy"]
[Black "manthanit"]
[Result "1-0"]
[WhiteElo "2117"]
[BlackElo "944"]
[TimeControl "300"]
[EndTime "12:01:05 PDT"]
[Termination "Tushinskiy won by resignation"]

1. d4 d5 2. c3 Nf6 3. Nf3 Nc6 4.
Bf4 a6 5. Nbd2 h6 6. e3 e6 7.
Bd3 Bd6 8. Bg3 Qe7 9. Ne5 Bd7 10. f4 O-O-O 11. Qe2 Kb8 12. b4 Ng8 13. b5 axb5 14.
Bxb5 Nxe5 15. fxe5 Bxb5 16. Qxb5 c6 17. exd6 cxb5 18.
dxe7+ 1-0

[Event "Live Chess"]
[Site "Chess.com"]
[Date "2023.05.20"]
[Round "-"]
[White "Ninifu"]
[Black "Ian-Morley"]
[Result "1-0"]
[WhiteElo "1999"]
[BlackElo "978"]
[TimeControl "300"]
[EndTime "12:01:09 PDT"]
[Termination "Ninifu won by resignation"]

1. d4 e5 2. dxe5 Nc6 3. Nf3 Qe7 4. Bf4 Qb4+ 5. Bd2 Qxb2 6. Nc3 Bb4 7. Rb1 Qa3 8. Rb3 Qa5 9. e4 Nge7 10. Bd3 O-O 11. O-O Ng6 12. a3 Bxc3 13. Bxc3 Qc5 14. Bb2 Ncxe5 15. Nxe5 Nxe5 16. Rb5 Qd6 17. Rxe5 f6 18.
Bc4+ Kh8 19. Qxd6 cxd6 20. Re7 a6 21. Rd1 b5 22. Bb3 Bb7 23. Rxd6 Rfe8 24. Rdxd7 Bc6 25.
Rc7 Rxe7 26. Rxe7 Rd8 27. h3 Rd2 28. Rc7 h6 1-0

[Event "Live Chess"]
[Site "Chess.com"]
[Date "2023.05.20"]
[Round "-"]
[White "Sir_Sigmund"]
[Black "JoeyCage"]
[Result "1/2-1/2"]
[WhiteElo "1918"]
[BlackElo "2309"]
[TimeControl "300"]
[EndTime "12:01:11 PDT"]
[Termination "Game drawn by agreement"]

1. e4 c5 2. f4 Nc6 3. Nf3 a6 4. d3 b5 5. Be2 Bb7 6. O-O e6 7. Be3 d5 8. c3 d4 9. Bf2 dxc3 10. bxc3 Nf6 11. Nbd2 Qd7 12. h3 Rd8 13. Qc2 Be7 14. Rad1 Qc8 15. g4 Nd7 16. Rfe1 Qc7 17. e5 h5 18. g5 f6 19. gxf6 gxf6 20. d4 f5 21. Ng5 Nf8 22. Ndf3 cxd4 23. cxd4 Rc8 24.
Rc1 Qd7 25. Qb3 Na5 26. Rxc8+ Qxc8 27. Qb2 Nc4 28. Bxc4 Qxc4 29. Rc1 Qd5 30. Qb3 Bxg5 31. Qxd5 Bxd5 32. Nxg5 Bxa2 33. Rc6 a5 34. Be1 a4 35. Bb4 Bd5 36. Rc8+ Kd7 37. Rxf8 Rxf8 38. Bxf8 Kc6 39. Bb4 Bc4 40. Kf2 Kd5 41. Ke3 Bf1 42. h4 1/2-1/2

[Event "Live Chess"]
[Site "Chess.com"]
[Date "2023.05.20"]
[Round "-"]
[White "Bot_Boy"]
[Black "kevinmilleruk"]
[Result "0-1"]
[WhiteElo "332"]
[BlackElo "1113"]
[TimeControl "300"]
[EndTime "12:01:17 PDT"]
[Termination "kevinmilleruk won on time"]

1. e4 e5 2. Bc4 Nf6 3. d3 Bc5 4.
Nf3 O-O 5. Nxe5 d6 6. Nf3 Bg4 7. O-O Nc6 8. Qe1 Bxf3 9. gxf3 Nd4 10. Qd1 Nd7 11. c3 Ne6 12. Bxe6 fxe6 13. d4 Bb6 14. Nd2 Qf6 15. Kh1 e5 16. Rg1 exd4 17. c4 Ne5 18.
Rg3 Nd3 19. Qe2 Ne5 20. Nf1 d3 21. Qd1 Bxf2 22. Bg5 Qf7 23. f4 Bxg3 24. Nxg3 Nxc4 0-1

[Event "Live Chess"]
[Site "Chess.com"]
[Date "2023.05.20"]
[Round "-"]
[White "KajusM"]
[Black "Enhard"]
[Result "1-0"]
[WhiteElo "2284"]
[BlackElo "1453"]
[TimeControl "300"]
[EndTime "12:01:17 PDT"]
[Termination "KajusM won by resignation"]

1. e4 c6 2. Nc3 d5 3. Nf3 dxe4 4. Nxe4 Bg4 5. h3 Bxf3 6. Qxf3 Nf6 7. Bc4 e6 8. O-O Be7 9. d3 Nbd7 10. Bb3 O-O 11. Bg5 Nd5 12. Bxe7 Qxe7 13. Rfe1 Qd8 14. Rad1 h6 15.
Nd6 Rb8 16. d4 N5f6 17. c4 Ne8 18. Ne4 Ndf6 19. d5 exd5 20. cxd5 cxd5 21. Nxf6+ Nxf6 22. Bxd5 Nxd5 23. Rxd5 Qb6 24. b3 Rbd8 25. Red1 Rxd5 26.
Qxd5 a6 27. Qd6 Qa5 28. a4 b5 29. Qc5 Rb8 30. Qe5 Qb6 31. a5 Qb7 32. b4 Rf8 33. Qd5 Qe7 34. Qd6 Qe2 35. Rf1 Ra8 36. Qc6 Qe8 37. Rc1 Qxc6 38. Rxc6 Kf8 39. f4 Ra7 40.
Kf2 g6 41. g4 Kg7 42. f5 gxf5 43. gxf5 h5 44. Ke3 Re7+ 45. Kf4 Ra7 46. Ke5 1-0

[Event "Live Chess"]
[Site "Chess.com"]
[Date "2023.05.20"]
[Round "-"]
[White "PLZ909"]
[Black "Ferrarifan27"]
[Result "0-1"]
[WhiteElo "1275"]
[BlackElo "2103"]
[TimeControl "300"]
[EndTime "12:01:27 PDT"]
[Termination "Ferrarifan27 won by resignation"]

1. d4 Nf6 2. Bf4 c5 3. c3 Qb6 4. Qb3 Qxb3 5. axb3 cxd4 6. cxd4 Nc6 7. e3 Nd5 8. Nf3 Nxf4 9. exf4 g6 10. Bd3 Bg7 11. f5 Nxd4 12. fxg6 Nxf3+ 13. gxf3 hxg6 14. Nd2 Bxb2 0-1

[Event "Live Chess"]
[Site "Chess.com"]
[Date "2023.05.20"]
[Round "-"]
[White "mliszewski"]
[Black "mikkyb4"]
[Result "1-0"]
[WhiteElo "1885"]
[BlackElo "1010"]
[TimeControl "300"]
[EndTime "12:01:30 PDT"]
[Termination "mliszewski won on time"]

1. d4 g6 2. Bf4 Bg7 3. Nc3 d6 4.
e4 Nc6 5. Nf3 Bg4 6. Bb5 Bxf3 7.
gxf3 Nf6 8. d5 a6 9. Ba4 b5 10. dxc6 bxa4 11. Nxa4 O-O 12. Qd2 e5 13. Bh6 Nh5 14.
Bxg7 Kxg7 15. Nc3 Nf4 16. Nd5 Rb8 17. Nxf4 exf4 18. Qxf4 Rxb2 19. Qd2 Qf6 20. O-O Qxf3 21. Qd4+ Qf6 22. Qa4 Qg5+ 23. Kh1 Qf4 24. Rae1 d5 25. Re3 Rfb8 26. Qd4+ f6 27. Qxd5 Rb1 28. Kg2 Rxf1 29. Kxf1 Rb1+ 30. Ke2 Qg4+ 31. Rf3 Re1+ 32. Kxe1 Qxf3 33.
Qd7+ Kh6 34. Qxc7 Qxe4+ 35. Kd2 Qd5+ 36. Kc3 Qxa2 37. Qf4+ Kg7 38. Qc4 Qa3+ 39. Kd4 Qd6+ 40. Qd5 Qf4+ 41. Kc5 a5 42. Qd7+ Kh6 43. Qh3+ Kg7 44.
Qe3 Qc7 45. Qe6 a4 46. Qd7+ Qxd7 47. cxd7 1-0

[Event "Live Chess"]
[Site "Chess.com"]
[Date "2023.05.20"]
[Round "-"]
[White "mightysmasher"]
[Black "AbilifyXL"]
[Result "0-1"]
[WhiteElo "2115"]
[BlackElo "1951"]
[TimeControl "300"]
[EndTime "12:01:37 PDT"]
[Termination "AbilifyXL won by resignation"]

1. e4 d5 2. exd5 Qxd5 3. Nc3 Qa5 4. d4 c6 5. Nf3 Nf6 6. Bc4 Bg4 7. O-O e6 8. h3 Bh5 9. Be3 Nbd7 10. a3 Bd6 11.
Bd3 O-O 12. Ne4 Be7 13. c3 Qc7 14. Qc2 Bg6 15. Rfe1 Rfc8 16. Bg5 Re8 17. Ne5 Nxe4 18. Bxe4 Bxg5 19. Bxg6 hxg6 20. Nxg6 fxg6 21. Qxg6 Bf6 22. g4 Nf8 23. g5 Nxg6 0-1

[Event "Live Chess"]
[Site "Chess.com"]
[Date "2023.05.20"]
[Round "-"]
[White "EdenHazard8"]
[Black "Goblinbasher"]
[Result "1-0"]
[WhiteElo "2090"]
[BlackElo "1206"]
[TimeControl "300"]
[EndTime "12:01:42 PDT"]
[Termination "EdenHazard8 won by resignation"]

1. e4 c5 2. Nf3 e6 3. Nc3 a6 4. d4 cxd4 5. Nxd4 Nc6 6. Be3 Nge7 7.
Qd2 b5 8. O-O-O Bb7 9. Kb1 d5 10. exd5 Nxd5 11. Nxd5 Qxd5 12. Be2 Bb4 13. c3 Be7 14. Bf3 Qd7 15. Rhe1 Rb8 16. Bf4 O-O 17. Nxc6 Bxc6 18. Qxd7 Bxd7 19. Rxd7 Rbc8 20. Rxe7 1-0

[Event "Live Chess"]
[Site "Chess.com"]
[Date "2023.05.20"]
[Round "-"]
[White "Jo1ts"]
[Black "zdanevych"]
[Result "0-1"]
[WhiteElo "741"]
[BlackElo "1503"]
[TimeControl "300"]
[EndTime "12:01:42 PDT"]
[Termination "zdanevych won by resignation"]

1. d4 d5 2. Bf4 c5 3. Nf3 cxd4 4. Nxd4 Nc6 5. e3 a6 6. Nd2 Nf6 7. Bd3 Bg4 8. Be2 Bd7 9. O-O e5 10. Bg3 exd4 11. exd4 Nxd4 12. Bd3 Be7 13. Re1 O-O 14.
c3 Nf5 15. Qf3 Nxg3 16. Qxg3 Bc6 17. Qh4 h6 18. Qf4 Bd6 19. Qf5 Qd7 20. Qh7+ Nxh7 21.
Bxh7+ Kxh7 0-1

[Event "Live Chess"]
[Site "Chess.com"]
[Date "2023.05.20"]
[Round "-"]
[White "JackRudd"]
[Black "ViktorTheCoolBoy"]
[Result "1-0"]
[WhiteElo "2455"]
[BlackElo "2527"]
[TimeControl "300"]
[EndTime "12:01:57 PDT"]
[Termination "JackRudd won by resignation"]

1. d4 Nf6 2. c4 e6 3. Nc3 d5 4.
cxd5 exd5 5. Bg5 Be6 6. Qb3 Nc6 7. e3 Rb8 8. Nge2 Bd6 9. Nf4 Bxf4 10. Bxf4 O-O 11.
Bd3 Ne4 12. O-O Nd2 13. Qc2 Nxf1 14. Bxh7+ Kh8 15. Rxf1 g6 16. Bxg6 fxg6 17. Qxg6 Qf6 18. Qh5+ Kg8 19. Nxd5 Bxd5 20. Qxd5+ Qf7 21. Qg5+ Qg7 22. Qd5+ Rf7 23. Bxc7 Re8 24. Bg3 Qg6 25. h4 Qe4 26. Qb3 Ne7 27. Rc1 Nf5 28. Rc5 Nxg3 29. Rg5+ Kf8 30. Rxg3 Rc8 31. Qa3+ Qe7 32. Qxa7 Qxh4 33.
Qa3+ Qe7 34. b4 Qd6 35. Qb2 Qc7 36. f4 Qc1+ 37. Qxc1 Rxc1+ 38. Kf2 Rc2+ 39. Kf3 Rxa2 40.
Rg5 Rg7 41. Rf5+ Ke8 42. g4 Rb2 43. b5 Rc7 44. g5 Rf7 45. Rc5 Re7 46. g6 Rb3 47. Re5 Rxe5 48. dxe5 Rxb5 49. Ke4 Rb1 50. f5 b5 51. f6 b4 52. e6 Rf1 53. g7 Rxf6 54. g8=Q+ Ke7 55. Ke5 1-0

[Event "Live Chess"]
[Site "Chess.com"]
[Date "2023.05.20"]
[Round "-"]
[White "f4nomore"]
[Black "MartinWalker4"]
[Result "0-1"]
[WhiteElo "1372"]
[BlackElo "2082"]
[TimeControl "300"]
[EndTime "12:02:00 PDT"]
[Termination "MartinWalker4 won by resignation"]

1. c4 e5 2. Nc3 Nf6 3. d3 Nc6 4.
g3 Bc5 5. Bg2 h6 6. Nf3 d6 7.
O-O O-O 8. a3 a6 9. b4 Ba7 10.
Bd2 Be6 11. Qc1 Qd7 12. Bxh6 gxh6 13. Qxh6 Nh7 14. Ng5 Bf5 15. Be4 f6 16. Nxh7 Qxh7 17. Qxh7+ Bxh7 18. Bd5+ Kh8 19. Ne4 Rab8 20. b5 axb5 21.
cxb5 Nd4 22. Rae1 Nxb5 23. a4 Nd4 24. Rc1 c6 25. Ba2 Nxe2+ 26. Kg2 Nxc1 27. Rxc1 d5 28. Nc3 Bxd3 29. Nd1 Bd4 30. Ne3 Bxe3 31. fxe3 Rbc8 32. Rd1 Be4+ 33. Kf2 Rfd8 34. Rd2 c5 35. Rb2 Rc7 36. Rb6 Kg7 37. h4 c4 38. Bb1 c3 39. Bxe4 dxe4 0-1

[Event "Live Chess"]
[Site "Chess.com"]
[Date "2023.05.20"]
[Round "-"]
[White "Chesscoach_Golichenko"]
[Black "Geomorph"]
[Result "1-0"]
[WhiteElo "2660"]
[BlackElo "1232"]
[TimeControl "300"]
[EndTime "12:02:01 PDT"]
[Termination "Chesscoach_Golichenko won by resignation"]

1. d4 d5 2. Nc3 Nf6 3. Bf4 c5 4. e3 Qb6 5. Nf3 Qxb2 6. Nb5 Qb4+ 7. c3 Qa5 8. Nc7+ Kd7 9. Nxa8 e6 10. Bxb8 Qxc3+ 11. Nd2 cxd4 12. Bb5+ Kd8 13. Bc7+ Ke7 14. exd4 Ne4 15. Rc1 Qb4 16. Bd3 Nxd2 17. Qxd2 Qxd2+ 18.
Kxd2 Bd7 19. Ba5 g6 20. Nc7 Bh6+ 21. Ke2 Bxc1 22. Rxc1 Rc8 23. Rc2 b6 24. Ba6 Rf8 25. Bb4+ 1-0

[Event "Live Chess"]
[Site "Chess.com"]
[Date "2023.05.20"]
[Round "-"]
[White "LL220284LL"]
[Black "Doge_Dandolo"]
[Result "1-0"]
[WhiteElo "2393"]
[BlackElo "2058"]
[TimeControl "300"]
[EndTime "12:02:03 PDT"]
[Termination "LL220284LL won by resignation"]

1. Nf3 Nf6 2. b4 g6 3. Bb2 Bg7 4. g3 O-O 5. Bg2 c6 6. a3 d5 7. O-O Nbd7 8. e3 Qc7 9. Re1 Re8 10. d4 Nb6 11. Nbd2 Bg4 12. h3 Bxf3 13. Bxf3 Nfd7 14. Rc1 Nc8 15. c4 e6 16. cxd5 exd5 17.
Bxd5 Qd6 18. Bg2 Ndb6 19. Ne4 Qd8 20. Nc5 Qe7 21. Qb3 Nd6 22. e4 a5 23. e5 Nb5 24.
a4 Nc7 25. Nxb7 Ncd5 26. bxa5 Rxa5 27. Nxa5 1-0

[Event "Live Chess"]
[Site "Chess.com"]
[Date "2023.05.20"]
[Round "-"]
[White "KeithArkell"]
[Black "Bob2pen"]
[Result "1-0"]
[WhiteElo "2610"]
[BlackElo "1832"]
[TimeControl "300"]
[EndTime "12:02:05 PDT"]
[Termination "KeithArkell won by resignation"]

1. d4 Nf6 2. Nf3 g6 3. c4 c5 4.
d5 e6 5. Nc3 exd5 6. Nxd5 Nxd5 7. Qxd5 d6 8. Ng5 Qe7 9. Bf4 Be6 10. Nxe6 fxe6 11. Qd3 Nc6 12. Rd1 Rd8 13. e3 d5 14. h4 Bg7 15. Bg5 Bf6 16. Bxf6 Qxf6 17. cxd5 Rxd5 18. Qb1 O-O 19. f3 Rfd8 20. Rxd5 exd5 21.
Bb5 d4 22. Qe4 dxe3 23. Bxc6 bxc6 24. O-O Qd4 25. Re1 Qxe4 26. fxe4 Rd2 27. b3 Rxa2 28.
Rxe3 Kf7 29. Rc3 Re2 30. Rc4 Ke6 31. Ra4 Ke5 32. Rxa7 Rxe4 33. Rxh7 Kd4 34. Rh6 Rg4 35. Kf2 Ke5 36. Kf3 Kf5 37. h5 Rf4+ 38. Ke3 Rb4 39.
Rxg6 Rxb3+ 40. Kd2 Rb4 41. g4+ Ke4 42. h6 Rb2+ 43. Kc3 Rh2 44. g5 Kf5 45. Rg7 Rh4 46.
h7 c4 47. g6 1-0

[Event "Live Chess"]
[Site "Chess.com"]
[Date "2023.05.20"]
[Round "-"]
[White "Missedidea"]
[Black "thrithik"]
[Result "1-0"]
[WhiteElo "1740"]
[BlackElo "459"]
[TimeControl "300"]
[EndTime "12:02:06 PDT"]
[Termination "Missedidea won by checkmate"]

1. d4 a5 2. c4 h5 3. e4 g6 4. e5 b6 5. f4 Nh6 6. Nf3 Nc6 7. Bd3 Ra6 8. O-O d6 9. a3 dxe5 10.
fxe5 f6 11. Bxg6+ Kd7 12. d5 Nxe5 13. Nxe5+ Kd6 14. Nf7+ Kd7 15. Nxd8 Kxd8 16. Bf4 Rg8 17. Qxh5 Rh8 18. Nc3 Bd7 19. b4 axb4 20. axb4 Rxa1 21. Rxa1 e5 22. dxe6 Bxe6 23. Ra8+ Kd7 24. Qb5+ c6 25. Be8+ Ke7 26. Qxb6 Bg7 27. Qc5# 1-0

[Event "Live Chess"]
[Site "Chess.com"]
[Date "2023.05.20"]
[Round "-"]
[White "Conradical12"]
[Black "CeladonFish"]
[Result "1-0"]
[WhiteElo "1542"]
[BlackElo "1060"]
[TimeControl "300"]
[EndTime "12:02:08 PDT"]
[Termination "Conradical12 won by checkmate"]

1. e4 d6 2. d4 Nf6 3. Nc3 c6 4. Nf3 g6 5. Bf4 Bg7 6. Qd2 b5 7. O-O-O Bg4 8. Be2 Bxf3 9. Bxf3 Na6 10. e5 dxe5 11. Bxc6+ Kf8 12. dxe5 Qxd2+ 13. Rxd2 Rc8 14.
exf6 Bxf6 15. Bh6+ Kg8 16. Bb7 Re8 17. Bxa6 b4 18. Bb5 bxc3 19. bxc3 Bxc3 20. Bxe8 f5 21. Bd7 e5 22. Be6# 1-0

[Event "Live Chess"]
[Site "Chess.com"]
[Date "2023.05.20"]
[Round "-"]
[White "CocheseUK"]
[Black "Ayursworld"]
[Result "0-1"]
[WhiteElo "1036"]
[BlackElo "1374"]
[TimeControl "300"]
[EndTime "12:02:09 PDT"]
[Termination "Ayursworld won by resignation"]

1. e4 c5 2. Nf3 Nc6 3. Nc3 e5 4. Bb5 Nf6 5. O-O d6 6. d3 Bg4 7. h3 Bxf3 8. Qxf3 a6 9. Ba4 b5 10. Bb3 Be7 11. a3 Nd4 12. Qg3 O-O 13. Ba2 b4 14. axb4 cxb4 15. Bd2 bxc3 0-1

[Event "Live Chess"]
[Site "Chess.com"]
[Date "2023.05.20"]
[Round "-"]
[White "elephantgerrald"]
[Black "elizaveta_frundina"]
[Result "0-1"]
[WhiteElo "372"]
[BlackElo "1565"]
[TimeControl "300"]
[EndTime "12:02:13 PDT"]
[Termination "elizaveta_frundina won - game abandoned"]

1. e4 c5 2. Nf3 d6 3. Nc3 Nc6 4. Bb5 a6 5. Bxc6+ bxc6 6. O-O Nf6 7.
d3 e5 8. Bg5 Be7 9. h3 O-O 10.
Qd2 h6 11. Bxh6 gxh6 12. Qxh6 Nh7 13. Nh2 Bg5 14. Qh5 Qf6 15. Ng4 Bxg4 16. hxg4 Qh6 17. Qxh6 Bxh6 18. g3 Ng5 19. Kg2 Kg7 20. a3 Rh8 21. f4 exf4 22. gxf4 Ne6 23. g5 Nxg5 24. fxg5 Bxg5 25. Rh1 Rxh1 26. Rxh1 Rh8 27. Rg1 Rh4 28.
Kf3 Rf4+ 29. Ke2 f6 30. Rf1 Rxf1 0-1

[Event "Live Chess"]
[Site "Chess.com"]
[Date "2023.05.20"]
[Round "-"]
[White "seabuck"]
[Black "CheckThis4"]
[Result "0-1"]
[WhiteElo "1857"]
[BlackElo "2554"]
[TimeControl "300"]
[EndTime "12:02:15 PDT"]
[Termination "CheckThis4 won by resignation"]

1. d4 Nf6 2. c4 e5 3. e3 Bb4+ 4. Bd2 Bxd2+ 5. Qxd2 exd4 6. exd4 O-O 7. Be2 d5 8. Nc3 dxc4 9. Bxc4 c5 10. dxc5 Qe7+ 11.
Nge2 Qxc5 12. Qd4 Qc7 13. O-O Nc6 14. Qh4 Ne5 15. Bb3 Ng6 16. Qg3 Qb6 17. Nf4 Nxf4 18.
Qxf4 Be6 19. Bxe6 Qxe6 20. Rfe1 Qb6 21. b3 Rac8 22. Ne4 Nxe4 23. Rxe4 Rc2 24. Rae1 h6 25. R4e2 Rxe2 26. Rxe2 Qa6 27. Qe3 Qc6 28. h3 a5 29. Qd3 Rc8 30. Kh2 Qc7+ 31. g3 Qc6 32. Qe4 Qxe4 33. Rxe4 Rc2 34. Kg2 Rxa2 35. Re7 b5 36.
Rb7 b4 37. Rb5 g6 38. h4 h5 39. Rc5 Kg7 40. Rd5 Ra3 41. Rb5 Kf6 42. Rc5 Ke6 43.
Rb5 Kd6 44. Rb7 Rxb3 45. Rxf7 a4 46. Rf6+ Kc5 47. Rxg6 a3 48. Rg5+ Kb6 49. Rxh5 a2 50. Rh6+ Kb5 51. Rh5+ Ka4 0-1

[Event "Live Chess"]
[Site "Chess.com"]
[Date "2023.05.20"]
[Round "-"]
[White "ramses-IIG"]
[Black "SupremeTactician"]
[Result "0-1"]
[WhiteElo "789"]
[BlackElo "2400"]
[TimeControl "300"]
[EndTime "12:02:20 PDT"]
[Termination "SupremeTactician won by resignation"]

1. e4 e5 2. Nf3 Nc6 3. Bc4 Bc5 4. c3 Nf6 5. d4 exd4 6. cxd4 Bb4+ 7. Bd2 Nxe4 8. Bxb4 Nxb4 9. Qb3 d5 10. Qxb4 dxc4 11. Qxc4 O-O 12. d5 Qd6 13. O-O Nf6 14. Nc3 Bg4 15. Qd3 Rad8 16. h3 Bxf3 17. Qxf3 Nxd5 18.
Ne4 Qe5 19. Rae1 Rfe8 20. Nc5 Qd6 21. Nxb7 Qc6 22. Nxd8 Rxd8 23. Re2 g6 24. Rd1 Qb5 25. b3 c6 26. Rde1 Qb8 27. Qg4 Qd6 28. Rc1 h5 29.
Qa4 Nc3 30. Rec2 Nxa4 31. Rxc6 Qd2 32. R1c4 Nb6 33. Rc7 Qxa2 34. Rf4 Qa1+ 35. Kh2 Qe5 36. g3 Qxc7 37. Rxf7 Qxf7 0-1

[Event "Live Chess"]
[Site "Chess.com"]
[Date "2023.05.20"]
[Round "-"]
[White "chessleanstrategist"]
[Black "McSlash1"]
[Result "0-1"]
[WhiteElo "400"]
[BlackElo "2055"]
[TimeControl "300"]
[EndTime "12:02:21 PDT"]
[Termination "McSlash1 won by checkmate"]

1. c4 e5 2. Nc3 Nc6 3. g3 Nf6 4.
Bg2 Bc5 5. Nf3 d6 6. O-O O-O 7. e3 a6 8. d4 exd4 9. exd4 Ba7 10. d5 Ne5 11. Nxe5 dxe5 12. b3 Bf5 13. Bg5 h6 14. Bxf6 Qxf6 15. Re1 e4 16. Kh1 Qxc3 17. f3 exf3 18. Bxf3 Rae8 19. Rxe8 Rxe8 20. Qf1 Re3 21. Kg2 Qb2+ 22. Kh1 Rxf3 23. Qxf3 Qxa1+ 24. Kg2 Qg1# 0-1

[Event "Live Chess"]
[Site "Chess.com"]
[Date "2023.05.20"]
[Round "-"]
[White "lateforthesky"]
[Black "Leonid_Starozhilov"]
[Result "0-1"]
[WhiteElo "2065"]
[BlackElo "2653"]
[TimeControl "300"]
[EndTime "12:02:44 PDT"]
[Termination "Leonid_Starozhilov won on time"]

1. e4 e5 2. Nf3 Nc6 3. Bb5 f5 4. d3 fxe4 5. dxe4 Nf6 6. O-O d6 7. Qd3 Be6 8. Nc3 h6 9. Nd5 Be7 10. Nxe7 Qxe7 11. Nh4 Qf7 12. Nf5 O-O 13. b3 Bxf5 14.
exf5 Nd4 15. c3 Nxb5 16. Qxb5 c6 17. Qd3 d5 18. f3 e4 19. fxe4 Nxe4 20. Be3 Qd7 21. g4 Rae8 22. Rf3 Nf6 23. h3 Re4 24. Bd4 Rfe8 25. Raf1 b6 26. Rg3 Qd6 27. g5 Rxd4 28.
cxd4 Ne4 29. Rg2 Nxg5 30. f6 Re4 31. fxg7 Kxg7 32. Rf5 Qg6 33. Rfxg5 hxg5 34. Qg3 Qf6 35. h4 Qxd4+ 36. Qf2 Qxf2+ 37. Kxf2 Rxh4 38. Rxg5+ Kf6 39. Rg2 c5 40. Ke2 Ke5 41. Kd2 c4 42. bxc4 dxc4 43.
Kc3 b5 44. a3 a6 45. Kb4 Rh3 46. Re2+ Kd5 0-1

[Event "Live Chess"]
[Site "Chess.com"]
[Date "2023.05.20"]
[Round "-"]
[White "Olisingapore"]
[Black "MJMykh"]
[Result "1-0"]
[WhiteElo "1904"]
[BlackElo "1074"]
[TimeControl "300"]
[EndTime "12:02:57 PDT"]
[Termination "Olisingapore won - game abandoned"]

1. d4 d5 2. c4 dxc4 3. Nf3 Nc6 4. e3 Nf6 5. Bxc4 e6 6. O-O Bb4 7. Nc3 Bxc3 8. bxc3 O-O 9. Qc2 h6 10. e4 Qe7 11. e5 Nd5 12. Qd2 Nb6 13. Bb3 Na5 14. Bc2 Nac4 15. Qd3 f5 16. exf6 Qxf6 17. Qh7+ Kf7 18.
Ne5+ 1-0